 Dungeon Crawl Stone Soup version 0.29-a0-418-gc0181ea820 (webtiles) character file.

Game seed: 6606148921633456271

333 benadryl the Ruffian (level 6, -7/62 HPs)
             Began as a Troll Cinder Acolyte on May 17, 2022.
             Was a High Priest of Ignis.
             Mangled by Duvessa
             ... wielding a +4 rapier of protection
              (20 damage)
             ... on level 4 of the Dungeon.
             The game lasted 00:03:25 (2600 turns).

benadryl the Ruffian (Troll Cinder Acolyte)         Turns: 2600, Time: 00:03:25

Health: -7/62      AC: 15    Str: 25    XL:     6   Next: 27%
Magic:  6/6        EV:  9    Int: 10    God:    Ignis [*****.]
Gold:   150        SH:  0    Dex: 11    Spells: 7/7 levels left

rFire   + . .      SeeInvis .     - Unarmed
rCold   . . .      Faith    .   (no shield)
rNeg    . . .      Spirit   .   a - +0 robe
rPois   .          Reflect  .   (helmet restricted)
rElec   .          Harm     .   (no cloak)
rCorr   .          Rampage  .   (gloves unavailable)
Will    .....                   (boots unavailable)
Stlth   +.........              (no amulet)
HPRegen 1.00/turn               c - +4 ring of protection
MPRegen 0.10/turn               o - +6 ring of dexterity

@: fiery-armoured
A: large, unfitting armour, claws 3, regeneration 1, shaggy fur 1, tough skin 1
a: Renounce Religion, Fiery Armour, Foxfire Swarm, Rising Flame


You were on level 4 of the Dungeon.
You worshipped Ignis.
Ignis was extremely pleased with you.
You visited 1 branch of the dungeon, and saw 4 of its levels.

You collected 150 gold pieces.

Inventory:

Missiles
 f - 5 datura-tipped darts (quivered)
 i - 2 throwing nets
 k - 2 boomerangs of dispersal
 p - 5 silver javelins
Armour
 a - a +0 robe (worn)
Jewellery
 c - a +4 ring of protection (left claw)
 o - a +6 ring of dexterity (right claw)
Wands
 n - a wand of digging (2)
Scrolls
 b - 2 scrolls of identify {@r1}
 e - a scroll of blinking {unknown}
 g - a scroll of summoning {unknown}
 h - a scroll of silence {unknown}
 m - a scroll of immolation {unknown}
 q - a scroll of vulnerability {unknown}
Potions
 d - a potion of might
 j - a potion of resistance
 l - 5 potions of curing {@q1}
 r - a potion of haste


   Skills:
 + Level 3.8 Fighting
 * Level 6.1 Unarmed Combat
 - Level 1.0 Spellcasting
 - Level 2.1 Fire Magic


You had 7 spell levels left.
You didn't know any spells.
Your spell library contained the following spells:

 Spells                   Type           Power      Damage    Failure   Level
 Scorch                   Fire           8%         2d5       22%         2
 Summon Small Mammal      Summ           0%         N/A       34%         1
 Call Canine Familiar     Summ           0%         N/A       71%         3
 Summon Guardian Golem    Hex/Summ       0%         N/A       71%         3


Dungeon Overview and Level Annotations

Branches:
Dungeon (4/15)
 Temple: D:4-7

Altars:

Shops:
D:4 [

Annotations:
D:4 Duvessa


Innate Abilities, Weirdness & Mutations

You are too large for most types of armour.
You have claws for hands.
Your natural rate of healing is unusually fast.
You are covered in fur. (AC +1)
You have tough skin. (AC +1)


Message History

You have reached level 6!
You feel stronger.
You scratch Duvessa.
Duvessa is lightly wounded.
Duvessa hits you with a +4 rapier of protection!
Duvessa is burned by your cloak of flames.
Duvessa is lightly wounded.
The orc closely misses you. Something hits you but does no damage.
You closely miss Duvessa.
Duvessa is lightly wounded.
Duvessa hits you with a +4 rapier of protection!
You mangle Duvessa!!
Duvessa is heavily wounded.
Duvessa hits you but does no damage. The orc hits you but does no damage.
The orc is burned by your cloak of flames.
The orc is severely wounded.
Something hits you but does no damage.
Duvessa hits you with a +4 rapier of protection!
Duvessa is burned by your cloak of flames.
Duvessa is heavily wounded.
You scratch Duvessa.
Duvessa is severely wounded.
The orc hits you but does no damage.
The orc is burned by your cloak of flames.
You kill the orc!
Something hits you but does no damage.
Reactivating autopickup.
You feel a bit more experienced.
Duvessa hits you with a +4 rapier of protection!
You scratch Duvessa.
Duvessa is severely wounded.
Duvessa hits you with a +4 rapier of protection!
* * * LOW HITPOINT WARNING * * *
Duvessa is burned by your cloak of flames.
Duvessa is severely wounded.
Activating: Foxfire Swarm
Press: ? - help, Dir - look around, f - activate Flames leap up around you!
Duvessa hits you with a +4 rapier of protection!!
You die...

#.# #.# ####.#
..... ...#
.#####vv#
.....vve#####.#
.....vv@vv.....
#####
#######v##.....
....########## #v##
...
÷...'##......###..#
.
.÷..#.#......)##..#
....#)#.......))..#
....#.#.......)'..#
....#.#'#.....)'..#
....#.#.#.....##..#


You could see Duvessa (berserk, ally target).

Vanquished Creatures
  Dowan (D:4)
  A jelly (D:4)
  2 orc wizards
  3 gnolls (D:2)
  3 adders (D:3)
  An ufetubus (D:4)
  4 dart slugs
  5 orcs
  5 ball pythons
  7 bats
  18 endoplasms
  5 giant cockroaches
  6 goblins
  6 hobgoblins
  4 frilled lizards (D:1)
  13 kobolds
  2 rats (D:2)
86 creatures vanquished.

Vanquished Creatures (collateral kills)
  A jelly (D:4)
1 creature vanquished.

Vanquished Creatures (others)
  A jelly (D:4)
  10 fungi (D:4)
  4 toadstools (D:4)
15 creatures vanquished.

Grand Total: 102 creatures vanquished

Notes
Turn   | Place    | Note
-------+----------+-------------------------------------------
     0 | D:1      | benadryl the Troll Cinder Acolyte began the quest for the
                  | Orb.
     0 | D:1      | Reached XP level 1. HP: 22/22 MP: 1/1
   145 | D:1      | Reached XP level 2. HP: 29/29 MP: 2/2
   401 | D:1      | Reached XP level 3. HP: 36/36 MP: 3/3
   475 | D:1      | Found a faded altar of an unknown god.
   530 | D:1      | Reached skill level 4 in Unarmed Combat
  1049 | D:2      | Reached XP level 4. HP: 45/45 MP: 4/4
  1834 | D:3      | Reached skill level 5 in Unarmed Combat
  1862 | D:3      | Reached XP level 5. HP: 50/53 MP: 5/5
  2185 | D:4      | Found Vuvihut's Armour Shoppe.
  2200 | D:4      | Identified the +11 hand axe "Byeck" {vorpal, rF+}
  2586 | D:4      | Noticed Dowan
  2589 | D:4      | Noticed Duvessa
  2594 | D:4      | Killed Dowan
  2595 | D:4      | Reached skill level 6 in Unarmed Combat
  2595 | D:4      | Reached XP level 6. HP: 59/62 MP: 6/6
  2600 | D:4      | Mangled by Duvessa

Illustrated notes

Levels and vault maps discovered:
D:1:      shiori_arrival_elements, layout_basic,
          hellmonk_ecumenical_altar_run_dry
D:2:      layout_loops_ring
D:3:      layout_loops_ring, dk_vineyard_3
D:4:      cheibrodos_fertilizer, layout_basic, serial_shops, nicolae_shop_trees,
          hangedman_decor_opposing, uniq_crazy_yiuf_cottage, uniq_duvessa

Skill      XL: |  1  2  3  4  5 |
---------------+----------------+-----
Unarmed Combat | 4 5 6 |  6.1
Fighting       | 3 |  3.8
Spellcasting   | |  1.0
Fire Magic     | |  2.1

Action                   |  1- 3 |  4- 6 || total
-------------------------+-------+-------++-------
Melee: Unarmed           |    92 |   113 ||   205
       Punch             |     3 |     3 ||     6
Throw: Dart              |       |     1 ||     1
Invok: Fiery Armour      |       |     1 ||     1
       Foxfire Swarm     |       |     1 ||     1
  Use: Scroll            |       |     5 ||     5
 Stab: Sleeping          |       |     1 ||     1
Armor: Robe              |    46 |    52 ||    98
Dodge: Dodged            |    53 |    36 ||    89

Table legend: (Time is in decaauts)
 A = Elapsed time spent in this place.
 B = Non-inter-level travel time spent in this place.
 C = Inter-level travel time spent in this place.
 D = Time resting spent in this place.
 E = Time spent auto-exploring this place.
 F = Levels seen in this place.
 G = Mean time per level.
                   A        B        C        D        E       F      G
               +--------+--------+--------+--------+--------+-----+--------+
         Total |   2580 |   2373 |    207 |     39 |   1888 |   4 |  645.0 |
       Dungeon |   2580 |   2373 |    207 |     39 |   1888 |   4 |  645.0 |
               +--------+--------+--------+--------+--------+-----+--------+

Top non-repeatable levels by time:
     D:1: 773 daAuts
     D:3: 701 daAuts
     D:2: 695 daAuts
     D:4: 410 daAuts
